Map: Terraform LE (Void)

Players

Javert

  • Race: Zerg Zerg
  • League: Gold

Mortalitor - Winner!

  • Race: Zerg Zerg
  • League: Platinum

VOD

Have the link to the VOD?

Description

Time

  • Played on: Sept. 27, 2015, 1:04 a.m.
  • Length: 6:47
Show
View Real Time Build Order
Export as new Build Order

Javert Zerg 

Build Orders: Pool First 

Get SALT Encoding   

  12  0:01  Drone  
  13  0:13  Overlord  
  13  0:17  Drone  
  14  0:32  Drone x2  
  16  0:37  Drone  
  17  0:46  Spawning Pool  
  16  0:50  Drone  
  17  0:57  Drone  
  18  1:14  Hatchery  
  18  1:17  Drone  
  18  1:19  Extractor  
  18  1:22  Drone  
  18  1:34  Roach Warren  
  18  1:39  Queen  
  19  1:47  Overlord  
  19  1:51  Drone  
  20  2:14  Roach x2  
  20  2:15  Roach  
  26  2:28  Roach  
  26  2:29  Queen  
  30  2:34  Drone  
  31  2:46  Drone  
  31  2:47  Drone  
  33  2:51  Baneling Nest  
  33  2:56  Overlord  
  32  3:04  Drone  
  32  3:05  Drone x3  
  36  3:14  Overlord  
  36  3:20  Drone x2  
  36  3:21  Drone  
  39  3:28  Drone x2  
  39  3:29  Drone  
  42  3:46  Drone x3  
  42  3:47  Drone x4  
  49  3:55  Extractor  
  49  3:56  Evolution Chamber  
  49  3:57  Lair  
  49  4:02  Overlord  
  47  4:03  Extractor  
  46  4:12  Overlord x2  
  46  4:22  Zerg Missile Weapons Level 1  
  46  4:26  Drone x3  
  46  4:28  Roach x3  
  55  4:36  Zergling x6  
  58  4:42  Evolution Chamber  
  58  4:44  Roach x2  
  55  5:07  Baneling Nest, Roach  
  55  5:08  Roach x2  
  60  5:15  Glial Reconstitution  
  60  5:29  Roach x4  
  60  5:33  Queen  
  68  5:44  Overlord  
  68  5:55  Baneling  
  63  6:03  Roach x7  
  53  6:13  Roach  
  53  6:14  Roach x2  
Show
View Real Time Build Order
Export as new Build Order

Mortalitor Zerg - Winner!

Build Orders: Pool First 

Get SALT Encoding   

  12  0:01  Drone  
  13  0:08  Drone  
  14  0:17  Overlord  
  14  0:23  Extractor  
  14  0:24  Drone  
  15  0:35  Drone  
  15  0:36  Drone  
  15  0:41  Extractor  
  16  0:44  Drone  
  17  0:57  Drone  
  18  1:05  Spawning Pool  
  18  1:06  Drone  
  18  1:20  Hatchery  
  18  1:24  Drone  
  18  1:31  Drone  
  19  1:38  Overlord  
  19  1:51  Metabolic Boost  
  19  1:52  Queen  
  21  1:58  Drone  
  22  2:04  Drone  
  23  2:09  Baneling Nest  
  23  2:10  Drone  
  23  2:22  Drone  
  24  2:32  Drone x2  
  24  2:35  Queen  
  24  2:36  Queen  
  30  2:44  Drone x2  
  32  2:58  Drone x2  
  34  3:05  Evolution Chamber, Drone x2  
  35  3:06  Evolution Chamber, Drone x2  
  36  3:21  Overlord x3  
  36  3:25  Overlord  
  36  3:32  Zerg Ground Armor Level 1  
  36  3:35  Zerg Melee Weapons Level 1  
  36  3:39  Zergling x4  
  36  3:41  Zergling x2  
  39  3:43  Zergling x2  
  39  3:45  Zergling x2  
  39  3:48  Zergling x4  
  42  3:55  Zergling x6  
  46  4:01  Zergling x6  
  49  4:05  Zergling x4  
  49  4:06  Zergling x2  
  52  4:10  Zergling x4  
  52  4:14  Zergling x2  
  55  4:17  Drone  
  56  4:27  Zergling x2  
  56  4:31  Zergling x4  
  59  4:33  Hatchery  
  58  4:50  Zergling x12  
  59  5:03  Zergling x10  
  64  5:08  Queen  
  66  5:15  Drone  
  66  5:17  Overlord  
  66  5:18  Overlord  
  66  5:19  Overlord  
  67  5:31  Overlord x2  
  67  5:38  Zergling x12  
  67  5:39  Zergling x4  
  75  5:43  Zergling x2  
  68  5:58  Zergling x4  
  68  5:59  Zergling x6  
  65  6:06  Zergling x10  
  68  6:13  Zergling x10  
  68  6:14  Zergling x2  
  74  6:25  Zergling x6  
Tags
 
Add a new tag
Caveats
  • Supply blocks, unpowered buildings, or Contaminate may cause inaccurate times.
  • Supply counts are checked every 10 seconds.